Map: Cactus Valley LE (Void)

Players

Sunshine

  • Race: Zerg Zerg

GimliTerran (iaguz) - Winner!

  • Race: Terran Terran

VOD

Have the link to the VOD?

Description

Time

  • Played on: April 29, 2015, 6:43 p.m.
  • Length: 4:59
Show
View Real Time Build Order
Export as new Build Order

Sunshine Zerg 

Build Orders: Hatch First 

Get SALT Encoding   

  12  0:00  Drone  
  13  0:13  Overlord  
  13  0:17  Drone  
  14  0:31  Drone x2  
  16  0:36  Drone  
  17  0:48  Drone  
  18  0:56  Hatchery  
  17  0:59  Drone  
  18  1:08  Drone  
  19  1:17  Spawning Pool  
  18  1:19  Extractor  
  18  1:20  Drone  
  18  1:29  Drone  
  19  1:40  Overlord  
  19  2:05  Zergling x4  
  19  2:06  Queen  
  23  2:08  Queen  
  23  2:12  Drone x2  
  27  2:21  Metabolic Boost  
  27  2:41  Extractor  
  27  2:43  Queen  
  27  2:44  Queen  
  30  2:54  Drone  
  30  2:55  Drone x5  
  36  3:08  Overlord  
  35  3:19  Queen  
  33  3:46  Drone  
  33  3:47  Zergling x14  
  33  3:48  Zergling x2  
  39  4:13  Zergling x2  
  39  4:14  Zergling x2  
  36  4:18  Zergling x2  
  36  4:19  Zergling x12  
  37  4:46  Extractor  
  37  4:48  Roach Warren  
Show
View Real Time Build Order
Export as new Build Order

GimliTerran Terran - Winner!

Build Orders:  

Get SALT Encoding   

  12  0:02  SCV  
  13  0:14  SCV  
  13  0:18  Supply Depot  
  14  0:27  SCV  
  15  0:40  SCV  
  15  0:41  Barracks  
  16  0:45  Refinery  
  16  0:52  SCV  
  17  0:59  Barracks  
  17  1:04  SCV  
  18  1:20  SCV  
  19  1:29  Reaper  
  19  1:32  Orbital Command  
  20  1:40  Supply Depot  
  20  1:47  Barracks  
  20  1:48  Reaper  
  21  1:56  Refinery  
  21  1:58  SCV  
  22  2:05  Reaper  
  23  2:10  SCV  
  24  2:21  Reaper, Barracks  
  25  2:24  SCV  
  26  2:30  Supply Depot  
  26  2:36  SCV  
  27  2:38  Reaper  
  28  2:48  Reaper  
  28  2:51  SCV  
  30  2:54  Reaper  
  30  2:55  Barracks  
  31  3:03  SCV  
  32  3:10  Barracks  
  32  3:15  Reaper  
  32  3:16  Reaper  
  32  3:17  SCV  
  35  3:27  Reaper  
  35  3:31  Supply Depot  
  35  3:33  SCV  
  37  3:39  Reaper  
  38  3:44  Reaper  
  39  3:48  Supply Depot  
  39  3:53  SCV, Reaper  
  41  3:57  Reaper  
  42  4:05  SCV  
  42  4:06  Reaper  
  43  4:12  Reaper  
  44  4:22  Reaper  
  44  4:23  SCV  
  46  4:29  Command Center  
  47  4:35  SCV  
  47  4:44  Command Center  
  47  4:47  SCV  
Tags
 
Add a new tag
Caveats
  • Supply blocks, unpowered buildings, or Contaminate may cause inaccurate times.
  • Supply counts are checked every 10 seconds.